[Event "Late-Titled-Tuesday-Blitz-February-13-2024"]
[Site "Chess.com"]
[Date "2024.02.13"]
[Round "7"]
[White "szachmistrz2500"]
[Black "Teidi96"]
[Result "1-0"]
[WhiteElo "2451"]
[BlackElo "2277"]
[TimeControl "180+1"]
[EndTime "15:18:42 PST"]
[Termination "szachmistrz2500 won on time"]

1. e4 c5 2. Nf3 g6 3. c4 Nc6 4. d4 cxd4 5. Nxd4 Bg7 6. Be3 Nf6 7. Nc3 O-O 8. Nc2 d6 9. Be2 Be6 10. Qd2 Rc8 11. Rc1 Ne5 12. b3 a6 13. O-O Qa5 14.
Rfd1 Rfe8 15. f3 Nfd7 16. Nd4 Nc6 17. Nxe6 fxe6 18. f4 Nf8 19. Bg4 Rcd8 20. Rf1 b5 21.
cxb5 axb5 22. Be2 b4 23. Na4 Rc8 24. Bb6 Qa8 25. Bb5 Nd7 26. Be3 Qb7 27. Bc4 Nf8 28.
Rc2 Red8 29. Rfc1 Na5 30. Bd3 Rxc2 31. Qxc2 Nd7 32. Qc7 Kf8 33. h3 Ke8 34. Kf2 Bf6 35. g4 Bh4+ 36. Kf3 Bf6 37. g5 Bg7 38. h4 Rb8 39.
Qxb7 Nxb7 40. h5 Kd8 41. hxg6 hxg6 42. Rh1 Nf8 43. Bb6+ Ke8 44. Bb5+ Kf7 45. Rc1 Nc5 46. Bxc5 dxc5 47. Rxc5 Rd8 48. Bc4 Rd2 49. Nb6 Rxa2 50. Rc7 Rb2 51. Nc8 Bd4 52. Rxe7+ Kg8 53. Nd6 1-0

[Event "Late-Titled-Tuesday-Blitz-February-13-2024"]
[Site "Chess.com"]
[Date "2024.02.13"]
[Round "7"]
[White "Jahonas"]
[Black "IMRosen"]
[Result "0-1"]
[WhiteElo "2392"]
[BlackElo "2631"]
[TimeControl "180+1"]
[EndTime "15:18:44 PST"]
[Termination "IMRosen won by resignation"]

1. d4 d5 2. c4 e6 3. cxd5 exd5 4. Nc3 c6 5. Nf3 Nf6 6. Bf4 Bf5 7. e3 Bd6 8. Bxd6 Qxd6 9. Bd3 Bg6 10. h3 Nbd7 11.
O-O O-O 12. a3 Ne4 13. Bxe4 dxe4 14. Nh4 Qe7 15. Qg4 Nf6 16. Nxg6 hxg6 17. Qg5 Rad8 18.
b4 Qe6 19. Rfc1 Nd5 20. Qg3 f5 21. Nxd5 Rxd5 22. Rc5 Rd7 23. Re5 Qf6 24. f4 exf3 25. Qxf3 f4 26. Re1 fxe3 27. Qxe3 Qf4 28. Qxf4 Rxf4 29. Re7 Rfxd4 30. R1e4 Kf8 31. Re8+ Kf7 32. Rxd4 Rxd4 33. Rb8 Rd7 34. Kf2 Ke6 35. Ke3 Kd5 36. Kd3 c5 37. bxc5 Kxc5+ 38. Kc3 Kb5 39. h4 Ka4 40. Kb2 b6 41. Ra8 a5 42. Rg8 Rd2+ 43. Kc3 Rxg2 44. Rxg7 Rg3+ 45. Kb2 Rg2+ 46. Kc3 b5 47. h5 g5 48. h6 Rh2 49. h7 Kxa3 50. Rxg5 Ka4 51. Rg7 b4+ 52. Kc4 Rh5 53. Rb7 Ka3 54. Rb5 Rh4+ 55. Kd3 Rxh7 56. Rxa5+ Kb3 57. Rb5 Rd7+ 58. Ke2 Kc2 59. Rd5 Rxd5 0-1

[Event "Late-Titled-Tuesday-Blitz-February-13-2024"]
[Site "Chess.com"]
[Date "2024.02.13"]
[Round "7"]
[White "Jospem"]
[Black "Alex_Sahakyan2006"]
[Result "1-0"]
[WhiteElo "3039"]
[BlackElo "2868"]
[TimeControl "180+1"]
[EndTime "15:18:45 PST"]
[Termination "Jospem won by checkmate"]

1. e4 e5 2. Nf3 Nc6 3. Nc3 Nf6 4. h3 g6 5. Bc4 Bg7 6. d3 O-O 7. Bg5 d6 8. Qd2 Na5 9. O-O-O Nxc4 10. dxc4 Be6 11.
h4 h5 12. Qe2 Qe8 13. Nd2 a6 14. f3 b5 15. Rdg1 Nh7 16. Be3 f5 17. a3 Rb8 18.
Qd3 bxc4 19. Nxc4 Nf6 20. Na5 fxe4 21. fxe4 Ng4 22. Rf1 Kh7 23. Kb1 Qd7 24. Rf3 c6 25. Rhf1 Rfc8 26. Nc4 d5 27. Nb6 Qb7 28. Nca4 Re8 29.
Bc5 Nh2 30. Rg1 dxe4 31. Qxe4 Bd5 32. Qe3 e4 33. Rg3 Ng4 34. Rxg4 hxg4 35. h5 gxh5 36. Rh1 Qf7 37. Bd4 Bxd4 38. Qxd4 Rbd8 39. Qe3 Qf5 40. Nc5 Bf7 41. Nba4 Qd5 42. Nc3 Qd2 43. Qg3 e3 44. Qf4 Bg6 45. N5e4 Rxe4 46. Nxe4 Qxg2 47. Nf6+ Kg7 48. Nxh5+ Bxh5 49. Qe5+ Kg8 50.
Qxh5 e2 51. Qg6+ Kf8 52. Qf6+ Ke8 53. Rh8+ Kd7 54. Rxd8+ Kc7 55. Qd6+ Kb6 56. Rb8+ Ka5 57. Qb4# 1-0

[Event "Late-Titled-Tuesday-Blitz-February-13-2024"]
[Site "Chess.com"]
[Date "2024.02.13"]
[Round "7"]
[White "PepeCuenca"]
[Black "Cambek64"]
[Result "0-1"]
[WhiteElo "2661"]
[BlackElo "2520"]
[TimeControl "180+1"]
[EndTime "15:18:45 PST"]
[Termination "Cambek64 won on time"]

1. c4 c6 2. d4 d5 3. Nf3 Nf6 4.
e3 a6 5. Nbd2 b5 6. b3 Bg4 7.
Bb2 e6 8. Bd3 Bd6 9. h3 Bh5 10.
Qc2 Nbd7 11. Ne5 Rc8 12. c5 Be7 13. f4 Bg6 14. a4 Nxe5 15. fxe5 Bxd3 16. Qxd3 Nd7 17.
O-O f6 18. exf6 Bxf6 19. Bc3 O-O 20. e4 Bg5 21. Nf3 Bf4 22. e5 Qe7 23. axb5 axb5 24. Ra6 Rf7 25. Bd2 Qf8 26. Raa1 Qe7 27. Bxf4 Rxf4 28.
Nd2 Rxf1+ 29. Nxf1 Nf8 30. Qe3 Qb7 31. Nd2 Ra8 32. Qe1 Ra7 33. b4 Qa8 34. Rxa7 Qxa7 35.
Nf3 Qa3 36. Qd2 h6 37. Kh2 Ng6 38. h4 Ne7 39. Qe1 Nf5 40. Qd2 Qa1 41. Qf2 Qc1 42.
g4 Qf4+ 43. Kh3 Ne3 44. Qg3 Qe4 45. h5 Nf1 46. Qg2 Ne3 47. Qg3 Qd3 48. g5 Qf5+ 49. Kh2 Nf1+ 50. Kg2 Nxg3 51. Kxg3 Qd3 52. g6 Qc3 53. Kf4 Qxb4 0-1

[Event "Late-Titled-Tuesday-Blitz-February-13-2024"]
[Site "Chess.com"]
[Date "2024.02.13"]
[Round "7"]
[White "Kostya26"]
[Black "sotochess"]
[Result "1-0"]
[WhiteElo "2483"]
[BlackElo "2576"]
[TimeControl "180+1"]
[EndTime "15:18:45 PST"]
[Termination "Kostya26 won by resignation"]

1. d4 Nf6 2. Nf3 g6 3. Bf4 Bg7 4. Nbd2 d6 5. e4 O-O 6. h3 Nbd7 7. e5 Nd5 8. Bh2 a5 9. a3 dxe5 10. dxe5 Nc5 11. Bc4 Nb6 12. Ba2 Be6 13. Bxe6 Nxe6 14. Ne4 c6 15. O-O a4 16. Qe2 h6 17. Rad1 Qc8 18. Rd2 Nd5 19. Rfd1 Nef4 20. Bxf4 Nxf4 21.
Qc4 Qf5 22. Ng3 Nxh3+ 23. Kh2 b5 24. Nxf5 bxc4 25. Nxe7+ Kh7 26. Kxh3 Rab8 27. c3 Rb6 28. Nd4 Bxe5 29. Nexc6 Bf6 30. Nb4 Bg5 31. Re2 Rd6 32. g3 Bf6 33. Red2 Re8 34. Kg2 h5 35. f4 Re3 36.
Nf3 Rde6 37. Kf2 Kg7 38. Nd5 R3e4 39. Nxf6 Rxf6 40. Rd4 Re7 41. Rxc4 Rb7 42. Rb4 Re7 43. Rxa4 h4 44. Nxh4 g5 45. Nf3 gxf4 46. Rxf4 Rb6 47. Rd2 Reb7 48. Nd4 Rxb2 49. Rxb2 Rxb2+ 50. Ke3 Ra2 51.
Kd3 Rxa3 52. Nb5 Ra1 53. c4 Rb1 54. Nc3 Rg1 55. Rf3 Kf8 56. c5 Ke7 57. Kc4 Rc1 58.
Rd3 Ra1 59. c6 Ra6 60. Kb5 Ra8 61. Kb6 Rb8+ 62. Ka7 Rb3 63. c7 Ra3+ 64. Kb6 1-0

[Event "Late-Titled-Tuesday-Blitz-February-13-2024"]
[Site "Chess.com"]
[Date "2024.02.13"]
[Round "7"]
[White "LiamPutnam2008"]
[Black "Witik"]
[Result "0-1"]
[WhiteElo "2837"]
[BlackElo "2674"]
[TimeControl "180+1"]
[EndTime "15:18:48 PST"]
[Termination "Witik won on time"]

1. e4 c6 2. d4 d5 3. e5 Bf5 4. h4 Qb6 5. Nc3 h6 6. g4 Bd7 7.
h5 e6 8. f4 c5 9. Nf3 Nc6 10.
Be3 a6 11. Qd2 cxd4 12. Nxd4 Nxd4 13. Bxd4 Bc5 14. Bxc5 Qxc5 15. Bg2 Ne7 16. O-O-O O-O-O 17. Kb1 Kb8 18. Ne2 Rc8 19. Nd4 Qb6 20. Rhe1 Rc7 21. c3 Rhc8 22. Ka1 Nc6 23. Nxc6+ Rxc6 24. f5 Rc4 25. g5 Ra4 26. b4 a5 27. Qd4 Qa6 28. Bf1 Bb5 29. Bxb5 Qxb5 30. Qd3 Qb6 31. Qd4 Qxd4 32.
Rxd4 Rxc3 33. f6 gxf6 34. gxh6 Rh3 35. Rg4 Rxh5 36. Rg8+ Ka7 37. Rh8 Rh2 38. h7 Raxa2+ 39. Kb1 Rab2+ 40. Ka1 Rbf2 41. bxa5 fxe5 42. a6 bxa6 43. Rg1 Ra2+ 44. Kb1 Rhb2+ 45. Kc1 Rh2 46. Kb1 Raf2 47. Ka1 a5 48. Rd1 d4 49. Rc8 Rxh7 50.
Rc7+ Kb6 51. Rdc1 Rh3 52. R1c6+ Kb5 53. Rc5+ Kb4 54. Rc4+ Ka3 55. Rc1 Rhh2 56. Re1 Ra2+ 57. Kb1 Rhb2+ 0-1

[Event "Late-Titled-Tuesday-Blitz-February-13-2024"]
[Site "Chess.com"]
[Date "2024.02.13"]
[Round "7"]
[White "yaguigor"]
[Black "KaydenTroffChess"]
[Result "1/2-1/2"]
[WhiteElo "2642"]
[BlackElo "2832"]
[TimeControl "180+1"]
[EndTime "15:18:48 PST"]
[Termination "Game drawn - insufficient material"]

1. e4 c5 2. Nf3 g6 3. d4 cxd4 4.
Nxd4 Bg7 5. c4 Qb6 6. Nb3 a5 7. Be3 Qb4+ 8. Bd2 Qd6 9. Bc3 Qxd1+ 10. Kxd1 Nf6 11. f3 O-O 12. Na3 a4 13. Nd4 Nc6 14. Nab5 d6 15. Rc1 Bd7 16. Be2 Rfc8 17. Ke1 Na5 18.
Bd2 Ne8 19. Kf2 Bxb5 20. Nxb5 Bxb2 21. Rb1 Be5 22. Na3 Bd4+ 23. Be3 Bxe3+ 24. Kxe3 Nc7 25. Rhd1 Ne6 26. Rb5 Nc5 27. f4 f6 28. g4 Nc6 29.
h4 Ra5 30. g5 Rxb5 31. cxb5 Nb4 32. gxf6 exf6 33. Rxd6 Re8 34. Rd4 Nxe4 35. Bc4+ Kg7 36. Rxe4 Rd8 37. Re7+ Kh6 38. Rxb7 Re8+ 39. Kd2 Re4 40.
Bg8 g5 41. Rxh7+ Kg6 42. fxg5 fxg5 43. hxg5 Nxa2 44. b6 Nb4 45. b7 Na6 46. Rd7 Kxg5 47. Bd5 Rd4+ 48. Kc3 Rd1 49. Bc6 Rc1+ 50. Kd4 Rxc6 51.
Nc4 a3 52. Nxa3 Rb6 53. Nc4 Rb4 54. Rd5+ Kf6 55. Rd6+ Ke7 56. Rxa6 Rxb7 57. Rd6 Rd7 58. Rxd7+ Kxd7 1/2-1/2

[Event "Late-Titled-Tuesday-Blitz-February-13-2024"]
[Site "Chess.com"]
[Date "2024.02.13"]
[Round "7"]
[White "grzechu96"]
[Black "kikoveiga"]
[Result "0-1"]
[WhiteElo "2749"]
[BlackElo "2538"]
[TimeControl "180+1"]
[EndTime "15:18:48 PST"]
[Termination "kikoveiga won by checkmate"]

1. e4 c5 2. Nf3 e6 3. g3 Nc6 4.
Bg2 Nf6 5. Qe2 e5 6. O-O Be7 7. c3 O-O 8. Na3 d6 9. d3 h6 10. Nc4 Be6 11. Ne3 d5 12. Nh4 Re8 13. Nhf5 Bf8 14.
exd5 Nxd5 15. Nxd5 Bxd5 16. Be4 Be6 17. Be3 Qd7 18.
Qh5 Ne7 19. Nxe7+ Qxe7 20. Qxe5 Rad8 21. Rfe1 Qd7 22. Qh5 Bg4 23. Qd5 Qxd5 24. Bxd5 Rxd5 25. d4 cxd4 26. Bxd4 Rxe1+ 27. Rxe1 b6 28. Re8 f6 29.
Kg2 Kf7 30. Ra8 Rd7 31. f3 Be6 32. a4 Bc5 33. Bxc5 bxc5 34. b4 Rd2+ 35. Kg1 cxb4 36. cxb4 Rd7 37. Kf2 Bc4 38. Ke3 a6 39. Rc8 Bb3 40. b5 Bxa4 41. bxa6 Ra7 42. Rb8 Rxa6 43. Rb2 Bd7 44. Kf2 Be6 45. Rb7+ Kg6 46. g4 Bf7 47. Rc7 Bd5 48. Rc3 h5 49. gxh5+ Kxh5 50.
Kg3 g5 51. h3 Ra1 52. f4 Rg1+ 53. Kf2 Rg2+ 54. Kf1 gxf4 55. Rc5 Rg5 56. Rc7 Kh4 57.
Kf2 Kxh3 58. Rh7+ Kg4 59. Rh6 Kf5 60. Rh2 Rg2+ 61. Rxg2 Bxg2 62. Kxg2 Ke4 63. Kf2 f3 64. Kf1 Ke3 65. Ke1 f2+ 66. Kf1 f5 67. Kg2 Ke2 68. Kg3 f1=Q 69. Kh4 Qg2 70. Kh5 Kf3 71. Kh6 Kf4 72. Kh7 Ke5 73. Kh6 Kf6 74. Kh5 Qh3# 0-1

[Event "Late-Titled-Tuesday-Blitz-February-13-2024"]
[Site "Chess.com"]
[Date "2024.02.13"]
[Round "7"]
[White "abeljusto"]
[Black "Felix-Rose"]
[Result "0-1"]
[WhiteElo "2083"]
[BlackElo "2234"]
[TimeControl "180+1"]
[EndTime "15:18:48 PST"]
[Termination "Felix-Rose won on time"]

1. d4 d5 2. Bf4 Nf6 3. e3 e6 4. Nf3 Bd6 5. Ne5 c5 6. Bb5+ Ke7 7. c3 a6 8. Bd3 Nc6 9. Nd2 Qc7 10. Ndf3 h6 11. Bg3 Rd8 12. Nxc6+ bxc6 13. Bxd6+ Qxd6 14. Ne5 cxd4 15. exd4 c5 16. O-O cxd4 17. cxd4 Bd7 18. Re1 Rdb8 19. b3 Bb5 20. Bc2 a5 21. Rc1 Kf8 22.
a4 Be8 23. Re3 Rb4 24. Rc3 Qb6 25. Nf3 Rb8 26. Qe2 Qd6 27. h3 Qf4 28. Bd1 Ne4 29.
Rc7 R4b7 30. Qe3 Qd6 31. Rxb7 Rxb7 32. Ne5 Rc7 33. f3 Rxc1 34. Qxc1 Nf6 35. Qc3 Qb6 36.
Qc5+ Qxc5 37. dxc5 Ke7 38. Be2 d4 39. Bb5 Nd5 40. Kf2 f6 41. Bxe8 fxe5 42. Bb5 Nc3 43.
Ke1 e4 44. fxe4 Nxe4 45. Ke2 Nxc5 46. Kd2 e5 47. Kc2 e4 48. Bc4 Kd6 49. Kd2 Ke5 50.
Ke2 Kf4 51. Kf2 e3+ 52. Ke2 Ke4 0-1

[Event "Late-Titled-Tuesday-Blitz-February-13-2024"]
[Site "Chess.com"]
[Date "2024.02.13"]
[Round "7"]
[White "temus_galaktionov"]
[Black "SpeedofLight0"]
[Result "0-1"]
[WhiteElo "2901"]
[BlackElo "3050"]
[TimeControl "180+1"]
[EndTime "15:18:50 PST"]
[Termination "SpeedofLight0 won by resignation"]

1. d4 d6 2. Nf3 g6 3. c4 Bg7 4.
Nc3 Nc6 5. e3 e5 6. Be2 Nge7 7.
d5 Nb8 8. h4 h6 9. h5 g5 10.
Nh2 f5 11. g4 e4 12. gxf5 Bxc3+ 13. bxc3 Bxf5 14. Qd4 O-O 15. Ng4 Kh7 16. Nf6+ Rxf6 17. Qxf6 Qe8 18. Qd4 Nd7 19. c5 Nxc5 20. c4 Qf7 21. Bb2 Rf8 22. Rh2 Bd7 23. O-O-O Nf5 24. Qc3 Na4 25. Qb3 Nxb2 26. Qxb2 b6 27. Qc3 Nh4 28. Qd4 Bf5 29. Rg1 Qf6 30. Qxf6 Rxf6 31. Kd2 Bd7 32. Kc3 Be8 33. Kd4 Nf3+ 34. Bxf3 exf3 35.
Rg4 Bd7 36. Re4 Rf7 37. Rh1 Kg7 38. Kc3 Kf8 39. Rg1 Bf5 40. Rd4 Ke7 41. Rg3 Bd7 42.
Rd1 g4 43. Kd4 Kf6 44. e4 Kg5 45. Re1 Kxh5 46. e5 dxe5+ 47. Rxe5+ Kg6 48. Rg1 h5 49. Rh1 Bf5 50. Ke3 Kg5 51. Re8 Bg6 52. Re5+ Bf5 53. Re8 Rg7 54. Rh8 Bg6 55. Kd4 Re7 56. Rh2 Re4+ 57.
Kc3 Re2 58. Rc8 g3 59. Rh3 gxf2 60. Rxf3 Re3+ 61. Rxe3 f1=Q 62. Rxc7 Qc1+ 0-1

[Event "Late-Titled-Tuesday-Blitz-February-13-2024"]
[Site "Chess.com"]
[Date "2024.02.13"]
[Round "7"]
[White "Goryachkina"]
[Black "Fandorine"]
[Result "0-1"]
[WhiteElo "2698"]
[BlackElo "2945"]
[TimeControl "180+1"]
[EndTime "15:18:51 PST"]
[Termination "Fandorine won on time"]

1. e4 e5 2. Nf3 Nc6 3. d4 exd4 4. Nxd4 Bb4+ 5. c3 Be7 6. Bd3 Nf6 7. O-O O-O 8. Bf4 d6 9. Nd2 Re8 10. h3 h6 11. Re1 Bf8 12. Bc2 Bd7 13. Bh2 a6 14.
N2f3 Ne5 15. Nxe5 dxe5 16. Nf3 Bd6 17. Qd2 Nh7 18. Rad1 Qf6 19. Qe3 Rad8 20. Bb3 b6 21. Bg3 Ng5 22. Nxg5 hxg5 23. Qe2 a5 24. Bc4 Bc5 25. Qh5 Be6 26. Rxd8 Rxd8 27. Bxe6 Qxe6 28. Qxg5 f6 29. Qh5 Qxa2 30. Qe2 a4 31. h4 a3 32.
bxa3 Qxe2 33. Rxe2 Rd1+ 34. Kh2 Bxa3 35. Rc2 Bd6 36.
Kh3 g6 37. Kg4 Kf7 38. h5 gxh5+ 39. Kxh5 b5 40. c4 b4 41. c5 Be7 42. f4 exf4 43. Bxf4 c6 44. Rc4 Rb1 45. Bd6 Bd8 46. e5 fxe5 47.
Bxe5 Ke6 48. Bd6 Ba5 49. g4 b3 50. Re4+ Kd5 51. Re2 Bc3 52. Kg6 b2 53. g5 Rg1 0-1

[Event "Late-Titled-Tuesday-Blitz-February-13-2024"]
[Site "Chess.com"]
[Date "2024.02.13"]
[Round "7"]
[White "nihalsarin"]
[Black "Jarrahi2452"]
[Result "1-0"]
[WhiteElo "3189"]
[BlackElo "2820"]
[TimeControl "180+1"]
[EndTime "15:18:55 PST"]
[Termination "nihalsarin won by resignation"]

1. e4 e5 2. Nf3 Nc6 3. Bb5 Nge7 4. Nc3 Ng6 5. Bc4 Bc5 6. d3 h6 7. h4 O-O 8. h5 Nge7 9. g4 Nd4 10. Rg1 c6 11. g5 d5 12. Bb3 hxg5 13. Bxg5 f6 14. Bd2 Kh7 15. Nh4 Qd7 16. Ng6 Re8 17. Rg3 Nxb3 18.
axb3 Nxg6 19. hxg6+ Kg8 20. Qh5 Qe6 21. exd5 cxd5 22. Qh7+ Kf8 23. Bh6 Qg8 24. Nxd5 Be7 25. Rf3 Qxh7 26. gxh7 Kf7 27. Nc7 Bd7 28. Nxa8 gxh6 29.
Rxa7 Bc6 30. Rh3 Kg7 31. Nc7 Rh8 32. Nb5 Bc5 33. c4 Bxa7 34. Nxa7 Kxh7 35. Nxc6 bxc6 36. Kd2 Kg6 37. b4 Kg5 38. Ke3 h5 39. d4 h4 40.
dxe5 fxe5 41. Ke4 Kg4 42. Rh1 Re8 43. b5 cxb5 44. c5 h3 45. c6 Rc8 46. Kd5 e4 47. b4 Kf3 48. Rxh3+ Kxf2 49. Kd6 e3 50. Kd7 Rf8 51.
c7 e2 52. Rh2+ Ke3 53. Rh1 Kd2 54. c8=Q Rxc8 55. Kxc8 e1=Q 56. Rxe1 Kxe1 57. Kd7 Kd2 58. Kc6 Kc3 59. Kxb5 1-0

[Event "Late-Titled-Tuesday-Blitz-February-13-2024"]
[Site "Chess.com"]
[Date "2024.02.13"]
[Round "7"]
[White "YurasovMat-2012"]
[Black "snowlord"]
[Result "1-0"]
[WhiteElo "2670"]
[BlackElo "2837"]
[TimeControl "180+1"]
[EndTime "15:18:56 PST"]
[Termination "YurasovMat-2012 won by resignation"]

1. e4 e5 2. Nf3 Nf6 3. Nxe5 d6 4.
Nf3 Nxe4 5. Nc3 Nf6 6. g3 Qe7+ 7. Ne2 g6 8. Bg2 Bh6 9. O-O O-O 10. Re1 Re8 11. d4 Qf8 12. Bxh6 Qxh6 13. c4 Nc6 14. d5 Ne5 15. Nxe5 Rxe5 16. Nd4 Bg4 17. Qc1 Rxe1+ 18. Qxe1 Re8 19. Qc3 Bh3 20. Re1 Rxe1+ 21. Qxe1 Kg7 22. Bxh3 Qxh3 23. Qe7 Qc8 24. Ne6+ Kg8 25.
Qxf6 fxe6 26. dxe6 Qf8 27. Qh4 Qe8 28. Qg4 b6 29. h4 Qe7 30. h5 Qf6 31. b3 Kf8 32.
hxg6 Qxg6 33. Qf3+ Ke7 34. Qc6 Kxe6 35. Qxc7 Qb1+ 36.
Kg2 Qe4+ 37. Kh2 Qe2 38. Qc8+ Ke7 39. Qb7+ Ke6 40. Kg2 h5 41. Qf3 Qxa2 42. Qd5+ Ke7 43. Qe4+ Kd7 44. b4 Qb3 45. b5 Kc7 46. Qc6+ Kd8 47. Qxd6+ Kc8 48. Qe6+ Kc7 49. Qe7+ Kc8 50. Qxa7 Qxc4 51. Qxb6 Qe4+ 52. Kh2 Qe2 53. Qc6+ Kd8 54.
Qd6+ Kc8 55. Qc5+ Kb8 56. b6 Kb7 57. Qc7+ Ka6 58. Qa7+ Kb5 59. b7 1-0

[Event "Late-Titled-Tuesday-Blitz-February-13-2024"]
[Site "Chess.com"]
[Date "2024.02.13"]
[Round "7"]
[White "azikom"]
[Black "Kotlyar_K"]
[Result "0-1"]
[WhiteElo "2686"]
[BlackElo "2528"]
[TimeControl "180+1"]
[EndTime "15:18:56 PST"]
[Termination "Kotlyar_K won by checkmate"]

1. d4 Nf6 2. c4 e6 3. Nc3 Bb4 4. e3 O-O 5. Ne2 c6 6. a3 Ba5 7.
b4 Bc7 8. Ng3 d5 9. Bb2 Nbd7 10.
Rc1 Re8 11. Be2 dxc4 12. Bxc4 Nb6 13. Bb3 a5 14. b5 Bd7 15. bxc6 Bxc6 16. O-O Rc8 17.
a4 Nbd5 18. Nb5 Bb8 19. Qe2 h6 20. Rfd1 Qd7 21. Nf1 Ne7 22. h3 Nf5 23. Ba3 Nh4 24. f3 Nf5 25. e4 Ng3 26. Nxg3 Bxg3 27. Nc3 Bf4 28. Rc2 Nh5 29. Bc5 Qd8 30. Qf2 Qg5 31. Rd3 Bg3 32. Qf1 Nf4 33. Rdd2 Bh4 34. Kh1 Nh5 35.
Ne2 Bg3 36. Ba3 Bc7 37. Bc1 Qg6 38. Qf2 Kh7 39. Qe3 Ng3+ 40. Nxg3 Qxg3 41. Qg1 f5 42. d5 exd5 43. Bxd5 Bxd5 44. Rxd5 fxe4 45. f4 e3 46. Re2 Bxf4 47. Bb2 Rcd8 48. Rxd8 Rxd8 49. Bc3 Rc8 50.
Be1 Qg5 51. Qf1 Rf8 52. Qf3 Bd6 53. Qe4+ Kh8 54. Rxe3 Rf1# 0-1

[Event "Late-Titled-Tuesday-Blitz-February-13-2024"]
[Site "Chess.com"]
[Date "2024.02.13"]
[Round "7"]
[White "Lucas_Tomiello"]
[Black "JackRodgers"]
[Result "0-1"]
[WhiteElo "2669"]
[BlackElo "2527"]
[TimeControl "180+1"]
[EndTime "15:18:56 PST"]
[Termination "JackRodgers won by resignation"]

1. e4 c5 2. Nf3 g6 3. Nc3 Bg7 4. d4 cxd4 5. Nxd4 Nc6 6. Be3 Nf6 7.
Be2 O-O 8. Nb3 d6 9. g4 Be6 10. g5 Nd7 11. h4 Nde5 12. f4 Nc4 13. Bxc4 Bxc4 14. Qd2 a5 15. Nd4 a4 16. a3 Qa5 17.
O-O-O Rfc8 18. Kb1 b5 19. Nd5 Qxd2 20. Rxd2 Bxd5 21.
exd5 Nxd4 22. Bxd4 Rc4 23. Rhd1 Rac8 24. c3 h5 25.
Bxg7 Kxg7 26. Rd4 f6 27. Kc2 Kf7 28. Rxc4 Rxc4 29. Rd4 Rc5 30. Kd3 f5 31. c4 e5 32.
dxe6+ Kxe6 33. cxb5 Rxb5 34. Rxa4 Rxb2 35. Ra7 Rh2 36.
Rg7 Rxh4 37. Rxg6+ Kd5 38. Ke3 Rh3+ 39. Kf2 Rxa3 40.
Rf6 Ke4 41. Rxd6 Kxf4 42. g6 Ra2+ 43. Kg1 Ra3 44. Kf2 Ra2+ 45. Kf1 Ra7 46. Kg2 Rg7 47. Kh3 Kg5 48. Rd1 Rxg6 49. Rg1+ Kf6 50. Rf1 Rg4 51. Rf2 Kg5 52. Re2 h4 53. Re8 Rg3+ 54. Kh2 Ra3 55. Rg8+ Kf4 56. Rh8 h3 57. Rh4+ Kg5 58. Rh8 f4 59.
Rg8+ Kf5 60. Rf8+ Kg4 61. Rg8+ Kf3 62. Kxh3 Ra1 63. Kh4 Rh1+ 64. Kg5 Rg1+ 0-1

[Event "Late-Titled-Tuesday-Blitz-February-13-2024"]
[Site "Chess.com"]
[Date "2024.02.13"]
[Round "7"]
[White "JCVanDamme10"]
[Black "dosto07"]
[Result "1/2-1/2"]
[WhiteElo "2317"]
[BlackElo "2519"]
[TimeControl "180+1"]
[EndTime "15:18:56 PST"]
[Termination "Game drawn by repetition"]

1. e4 e5 2. Nf3 Nc6 3. Bb5 a6 4. Ba4 Nf6 5. d3 d6 6. O-O g6 7. Nc3 Bg7 8. a3 O-O 9. Bg5 h6 10. Bd2 Bg4 11. h3 Bxf3 12. Qxf3 Nd4 13. Qd1 b5 14.
Bb3 Nxb3 15. cxb3 d5 16. Qe2 d4 17. Nb1 c5 18. f4 Nh5 19. Qf3 exf4 20. Bxf4 Nxf4 21. Qxf4 Qe7 22. Nd2 Qe6 23. Rae1 Rae8 24.
Qc7 Qe5 25. Qxe5 Bxe5 26. Rf3 Kg7 27. g3 h5 28. Kg2 f6 29. Ref1 Rc8 30. Rc1 Rc7 31.
Rc2 Rfc8 32. Rf1 Bd6 33. Rfc1 Kf7 34. Nf3 Ke6 35. b4 Kd7 36. bxc5 Bxc5 37. b4 Bb6 38.
Rxc7+ Rxc7 39. Rxc7+ Kxc7 40. e5 Kd7 41. exf6 Ke6 42.
f7 Kxf7 43. Ne5+ Kg7 44. Kf3 Bc7 45. Nd7 a5 46. Nc5 axb4 47. axb4 Kf7 48. g4 hxg4+ 49. hxg4 Kf6 50. Ke4 Bd6 51. Nb3 Kg5 52. Nxd4 Kxg4 53. Nxb5 Bxb4 54. d4 g5 55. d5 Kh3 56. Nd4 g4 57.
Ne2 g3 58. Nf4+ Kh2 59. Kf3 Bd6 60. Ng2 Be5 61. Nh4 Kh3 62. Ng2 Bd6 63. Ne3 Be5 64. Ng2 Bd6 65. Ne1 Bb8 66. Ng2 Bd6 1/2-1/2

[Event "Late-Titled-Tuesday-Blitz-February-13-2024"]
[Site "Chess.com"]
[Date "2024.02.13"]
[Round "7"]
[White "FabianoCaruana"]
[Black "platy3"]
[Result "1/2-1/2"]
[WhiteElo "3073"]
[BlackElo "2964"]
[TimeControl "180+1"]
[EndTime "15:18:57 PST"]
[Termination "Game drawn - insufficient material"]

1. e4 c5 2. Nf3 e6 3. d4 cxd4 4. Nxd4 Nc6 5. Nc3 Qc7 6. Be3 a6 7. g4 Ne5 8. f4 Nc4 9. Bxc4 Qxc4 10. Qd3 Qxd3 11. cxd3 b5 12. Rc1 Bb7 13. Nb3 Rc8 14.
Kf2 Nf6 15. h3 Be7 16. Na5 Bc6 17. Nxc6 dxc6 18. e5 Nd7 19. Ne4 O-O 20. Rc2 f6 21. exf6 gxf6 22. Rhc1 f5 23. gxf5 exf5 24. Nd2 Rf6 25. Nf3 Rd6 26. Nd4 Bf6 27. Nxf5 Rd5 28. Nh6+ Kg7 29. Ng4 Rxd3 30. Nxf6 Nxf6 31. Rxc6 Re8 32.
Rg1+ Kf7 33. Rc7+ Ke6 34. Re1 Kf5 35. Rc5+ Nd5 36. Bc1 Rxe1 37. Kxe1 Ke4 38. Rc6 Rxh3 39. Rxa6 Rh1+ 40. Kd2 Rh2+ 41. Kd1 Kd3 42. Ra3+ Kd4 43. Rf3 Ke4 44. Rf1 Kf5 45. Bd2 h5 46. Re1 Nxf4 47. Rf1 Rh4 48. b3 Rg4 49. a4 bxa4 50. bxa4 h4 51.
a5 h3 52. a6 h2 53. Kc2 Rg1 54. Rxf4+ Kg6 55. Rh4 h1=Q 56. Rxh1 Rxh1 57. a7 Ra1 58.
Be3 Rxa7 59. Bxa7 1/2-1/2

[Event "Late-Titled-Tuesday-Blitz-February-13-2024"]
[Site "Chess.com"]
[Date "2024.02.13"]
[Round "7"]
[White "kids2010"]
[Black "TigrVShlyape"]
[Result "0-1"]
[WhiteElo "2770"]
[BlackElo "2876"]
[TimeControl "180+1"]
[EndTime "15:18:59 PST"]
[Termination "TigrVShlyape won by resignation"]

1. e4 e5 2. Nf3 Nc6 3. Bc4 Nf6 4. d4 exd4 5. O-O d6 6. Nxd4 Be7 7. Nc3 O-O 8. f3 Nxd4 9. Qxd4 c6 10. Be3 Be6 11.
Rad1 Qa5 12. a3 Rfd8 13. b4 Qc7 14.
Bxe6 fxe6 15. Bg5 h6 16. Bh4 Qb6 17. Bg3 Qxd4+ 18. Rxd4 d5 19. e5 Nd7 20. Rd3 a5 21. Rb1 axb4 22. axb4 Kf7 23. f4 g6 24. Bf2 g5 25. fxg5 hxg5 26. Bd4 Kg6 27. Rg3 Rh8 28. Ne2 Rh4 29. Rf1 Rf8 30. Rxf8 Bxf8 31. Be3 Be7 32. Nd4 Nxe5 33. Nxe6 Nf7 34. c3 Re4 35. Nc5 Bxc5 36. Bxc5 Nd8 37. Be3 Ne6 38. Kf2 Rc4 39. Bd2 b6 40. h3 c5 41. bxc5 bxc5 42. Re3 Kf6 43. Rf3+ Ke5 44. Rg3 Kf5 45. Rf3+ Kg6 46. Re3 Nf4 47.
Re8 d4 48. cxd4 Rc2 49. Ke1 cxd4 50. Bxf4 gxf4 51. Kf1 Kf5 52. Rd8 Ke4 53. h4 d3 54.
Re8+ Kf5 55. Rd8 d2 56. Ke2 d1=Q+ 57. Kxd1 Rxg2 58. Ke1 Rh2 59. Kf1 Ke4 60. Ra8 Kf3 61. Ra3+ Kg4 62. Rb3 Rxh4 63. Kg1 Rh8 64. Ra3 Rb8 65.
Rc3 Rb2 66. Ra3 Re2 67. Rc3 Re3 68. Rxe3 fxe3 69. Kg2 Kf4 70. Kf1 Kf3 71. Ke1 e2 0-1

[Event "Late-Titled-Tuesday-Blitz-February-13-2024"]
[Site "Chess.com"]
[Date "2024.02.13"]
[Round "7"]
[White "aa175"]
[Black "Beca95"]
[Result "1-0"]
[WhiteElo "2709"]
[BlackElo "2871"]
[TimeControl "180+1"]
[EndTime "15:19:00 PST"]
[Termination "aa175 won by resignation"]

1. d4 Nf6 2. Bf4 d6 3. e3 Nbd7 4. Nf3 Nh5 5. Bg5 h6 6. Bh4 g5 7. Nfd2 Ndf6 8. Be2 Ng7 9. Bg3 Nf5 10. c4 Bg7 11. Nc3 c6 12. Bd3 Nxg3 13. hxg3 c5 14.
d5 e6 15. e4 O-O 16. Qf3 exd5 17. cxd5 Ng4 18. Nc4 a6 19. a4 Rb8 20. a5 b5 21.
axb6 Rxb6 22. Nxb6 Qxb6 23. Qe2 Bd4 24. O-O Ne5 25.
Bxa6 Bd7 26. Bb5 Bg4 27. Ra6 Qxa6 28. Bxa6 Bxe2 29. Bxe2 Rb8 30. Nb5 Rb6 31. b4 Nd7 32. Nxd4 cxd4 33. Rb1 Kg7 34. f4 f5 35. exf5 Nf6 36.
Bc4 Ne4 37. fxg5 hxg5 38. Re1 Nxg3 39. Re7+ Kf6 40. Re6+ Kxf5 41. Bd3+ Kf4 42. b5 g4 43. Kf2 Nh1+ 44. Kg1 Ng3 45. Kh2 Nh5 46. Re4+ Kg5 47. Rxd4 Nf4 48. Bf1 Rb8 49. g3 Ng6 50. Be2 Ne5 51.
Rb4 Rb6 52. Kg2 Kf6 53. Kf2 Ke7 54. Ke3 Kd8 55. Kf4 Kc7 56. Kf5 Rb8 57. Bxg4 Rf8+ 58. Ke6 Re8+ 59. Kf6 Rf8+ 60. Ke7 Rf7+ 61. Ke6 Rg7 62. b6+ Kb7 63. Bf5 Rxg3 64. Kxd6 Nf7+ 65. Ke7 Ne5 66. Be4 Re3 67. d6+ Nc6+ 68. Kd7 1-0